TOP OF THE 1ST |
Wake Forest Demon Deacons batting - Pitching for Tennessee Volunteers : RHP Brent Shirley
|
Pitching: RHP Brent Shirley
|
|
Batting: RHB Daniel Dillard
|
0-0: Ball 1-0: Ball 2-0: Ball 3-0: Base on Balls
|
Batting: SHB José Salazar
|
0-0: Called Strike 0-1: Ball 1-1: Ball 2-1: DOUBLE (Line Drive, 89D) Daniel Dillard to third
|
Batting: LHB Dax Valdéz
|
0-0: Ground out U3 (Groundball, 34) Daniel Dillard scores José Salazar to third
|
Batting: RHB William Allen
|
0-0: Called Strike 0-1: Called Strike 0-2: Fly out, F9 (Flyball, 9S)
|
Batting: RHB Jack Hogan
|
0-0: Swinging Strike 0-1: Foul Ball, location: 2F 0-2: Strikes out swinging
|
Top of the 1st over - 1 run(s), 1 hit(s), 0 error(s), 1 left on base; Wake Forest 1 - Tennessee 0 |
BOTTOM OF THE 1ST |
Tennessee Volunteers batting - Pitching for Wake Forest Demon Deacons : RHP Lloyd Jones
|
Pitching: RHP Lloyd Jones
|
|
Batting: RHB Danny Scott
|
0-0: Ball 1-0: Ball 2-0: Ball 3-0: Base on Balls
|
Batting: RHB José Torres
|
0-0: Ball 1-0: Ball 2-0: Called Strike 2-1: Ball 3-1: Called Strike 3-2: Strikes out swinging Danny Scott steals 2nd base Batter strikes out.
|
Batting: RHB César García
|
0-0: Called Strike 0-1: Called Strike 0-2: Strikes out looking
|
Batting: RHB Ralph Fitzgerald
|
0-0: Ball 1-0: Ground out 6-3 (Groundball, 6)
|
Bottom of the 1st over - 0 run(s), 0 hit(s), 0 error(s), 1 left on base; Wake Forest 1 - Tennessee 0 |
TOP OF THE 2ND |
Wake Forest Demon Deacons batting - Pitching for Tennessee Volunteers : RHP Brent Shirley
|
Batting: RHB Felipe Costa
|
0-0: Swinging Strike 0-1: Foul Ball, location: 2F 0-2: Ball 1-2: Ball 2-2: Foul Ball, location: 2F 2-2: Foul Ball, location: 2F 2-2: Foul Ball, location: 2F 2-2: Foul Ball, location: 2F 2-2: Ground out 6-3 (Groundball, 6)
|
Batting: LHB Gregory Pérez
|
0-0: Ball 1-0: Ball 2-0: Ball 3-0: Base on Balls
|
Batting: RHB Héctor Solís
|
0-0: Ball 1-0: Called Strike 1-1: Ball 2-1: Called Strike 2-2: Foul Ball, location: 2F 2-2: Foul Ball, location: 2F 2-2: Ball 3-2: Strikes out swinging
|
Batting: RHB Tim Guerrero
|
0-0: Ball 1-0: Foul Ball, location: 2F 1-1: Fielders Choice at 2nd, 6-4 (Groundball, 6)
|
Top of the 2nd over - 0 run(s), 0 hit(s), 0 error(s), 0 left on base; Wake Forest 1 - Tennessee 0 |
BOTTOM OF THE 2ND |
Tennessee Volunteers batting - Pitching for Wake Forest Demon Deacons : RHP Lloyd Jones
|
Batting: LHB Alfredo Cantú
|
0-0: Foul Ball, location: 2F 0-1: Ball 1-1: Fly out, F3 (Popup, 3L)
|
Batting: RHB Chris Harper
|
0-0: Ball 1-0: Hit by Pitch
|
Batting: SHB Jared Calhoun
|
0-0: Ball 1-0: Called Strike Chris Harper steals 2nd base 1-1: Swinging Strike 1-2: Strikes out looking
|
Batting: RHB Gary Washington
|
0-0: Called Strike 0-1: Ball 1-1: Ground out 6-3 (Groundball, 6S)
|
Bottom of the 2nd over - 0 run(s), 0 hit(s), 0 error(s), 1 left on base; Wake Forest 1 - Tennessee 0 |
TOP OF THE 3RD |
Wake Forest Demon Deacons batting - Pitching for Tennessee Volunteers : RHP Brent Shirley
|
Batting: RHB Daniel Dillard
|
0-0: Called Strike 0-1: Ball 1-1: Fly out, F8 (Line Drive, 78M)
|
Batting: SHB José Salazar
|
0-0: Ball 1-0: Ball 2-0: Foul Ball, location: 2F 2-1: Ball 3-1: SINGLE (Flyball, 56D)
|
Batting: LHB Dax Valdéz
|
0-0: Ball 1-0: Ball José Salazar steals 2nd base 2-0: Foul Ball, location: 2F 2-1: Fly out, F8 (Flyball, 8RM)
|
Batting: RHB William Allen
|
0-0: Foul Ball, location: 2F 0-1: Foul Ball, location: 2F 0-2: Ground out 6-3 (Groundball, 6)
|
Top of the 3rd over - 0 run(s), 1 hit(s), 0 error(s), 1 left on base; Wake Forest 1 - Tennessee 0 |
BOTTOM OF THE 3RD |
Tennessee Volunteers batting - Pitching for Wake Forest Demon Deacons : RHP Lloyd Jones
|
Batting: RHB Lorne McClain
|
0-0: Called Strike 0-1: Ball 1-1: Called Strike 1-2: Strikes out looking
|
Batting: RHB Danny Scott
|
0-0: Ground out 1-3 (Groundball, 15)
|
Batting: RHB José Torres
|
0-0: Fly out, F9 (Flyball, 89M)
|
Bottom of the 3rd over - 0 run(s), 0 hit(s), 0 error(s), 0 left on base; Wake Forest 1 - Tennessee 0 |
TOP OF THE 4TH |
Wake Forest Demon Deacons batting - Pitching for Tennessee Volunteers : RHP Brent Shirley
|
Batting: RHB Jack Hogan
|
0-0: Ball 1-0: Swinging Strike 1-1: DOUBLE (Line Drive, 9LM)
|
Batting: RHB Felipe Costa
|
0-0: Ball 1-0: Foul Ball, location: 2F 1-1: Swinging Strike 1-2: Ball 2-2: Ball 3-2: Base on Balls
|
Batting: LHB Gregory Pérez
|
0-0: Foul Ball, location: 2F 0-1: Ball 1-1: Ball 2-1: Ball 3-1: Foul Ball, location: 2F 3-2: Fly out, F7 (Flyball, 7S)
|
Batting: RHB Héctor Solís
|
0-0: Called Strike 0-1: Called Strike 0-2: Grounds into double play, 5-4-3 (Groundball, 56)
|
Top of the 4th over - 0 run(s), 1 hit(s), 0 error(s), 1 left on base; Wake Forest 1 - Tennessee 0 |
BOTTOM OF THE 4TH |
Tennessee Volunteers batting - Pitching for Wake Forest Demon Deacons : RHP Lloyd Jones
|
Batting: RHB César García
|
0-0: Called Strike 0-1: Swinging Strike 0-2: Foul Ball, location: 2F 0-2: Ball 1-2: Strikes out swinging
|
Batting: RHB Ralph Fitzgerald
|
0-0: Called Strike 0-1: Ball 1-1: SINGLE (Flyball, 56D)
|
Batting: LHB Alfredo Cantú
|
0-0: Called Strike 0-1: Ball 1-1: Foul Ball, location: 2F 1-2: Foul Ball, location: 2F 1-2: Strikes out swinging
|
Batting: RHB Chris Harper
|
0-0: Swinging Strike 0-1: 2-RUN HOME RUN (Flyball, 7LD), Distance : 318 ft
|
Batting: SHB Jared Calhoun
|
0-0: Swinging Strike 0-1: Swinging Strike 0-2: Ball 1-2: Foul Ball, location: 2F 1-2: DOUBLE (Flyball, 8LXD)
|
Batting: RHB Gary Washington
|
0-0: Ball 1-0: Ball 2-0: Ball 3-0: Called Strike 3-1: Base on Balls
|
Batting: RHB Lorne McClain
|
0-0: Foul Ball, location: 2F 0-1: Foul Ball, location: 2F 0-2: Foul Ball, location: 2F 0-2: SINGLE (Flyball, 78S) Jared Calhoun to third Gary Washington to second Runner from 3rd tries for Home, SAFE, throw made home
|
Batting: RHB Danny Scott
|
0-0: Foul Ball, location: 2F 0-1: Ball 1-1: Fielders Choice at 2nd, 6-4 (Groundball, 6)
|
Bottom of the 4th over - 3 run(s), 4 hit(s), 0 error(s), 1 left on base; Wake Forest 1 - Tennessee 3 |
TOP OF THE 5TH |
Wake Forest Demon Deacons batting - Pitching for Tennessee Volunteers : RHP Brent Shirley
|
Batting: RHB Tim Guerrero
|
0-0: Ball 1-0: Ball 2-0: Ball 3-0: Base on Balls
|
Batting: RHB Daniel Dillard
|
0-0: Called Strike 0-1: Swinging Strike 0-2: Ball 1-2: DOUBLE (Line Drive, 7) Tim Guerrero to third
|
Pitching: RHP Carl Brady
|
|
Batting: SHB José Salazar
|
0-0: Ball 1-0: Foul Ball, location: 2F 1-1: Ball 2-1: Swinging Strike 2-2: Ball 3-2: Base on Balls
|
Batting: LHB Dax Valdéz
|
0-0: Swinging Strike 0-1: Foul Ball, location: 2F 0-2: Ball 1-2: Ball 2-2: Fly out, F8 (Line Drive, 8RM) Runner from 3rd tags up, SCORES, throw made
|
Batting: RHB William Allen
|
0-0: Foul Ball, location: 2F 0-1: Fly out, F6 (Popup, 6)
|
Batting: RHB Jack Hogan
|
0-0: Called Strike 0-1: Called Strike 0-2: Foul Ball, location: 2F 0-2: Ball 1-2: Foul Ball, location: 2F 1-2: Foul Ball, location: 2F 1-2: Ball 2-2: Ball 3-2: Foul Ball, location: 2F 3-2: Strikes out looking
|
Top of the 5th over - 1 run(s), 1 hit(s), 0 error(s), 2 left on base; Wake Forest 2 - Tennessee 3 |
BOTTOM OF THE 5TH |
Tennessee Volunteers batting - Pitching for Wake Forest Demon Deacons : RHP Lloyd Jones
|
Batting: RHB José Torres
|
0-0: Called Strike 0-1: Fly out, F8 (Flyball, 8RM)
|
Batting: RHB César García
|
0-0: Called Strike 0-1: Foul Ball, location: 2F 0-2: Fly out, F9 (Flyball, 9S)
|
Batting: RHB Ralph Fitzgerald
|
0-0: Ball 1-0: Foul Ball, location: 2F 1-1: Ball 2-1: Foul Ball, location: 2F 2-2: Reached via error on a dropped throw, E3
|
Batting: LHB Alfredo Cantú
|
0-0: Called Strike 0-1: Ball 1-1: Swinging Strike 1-2: Strikes out swinging
|
Bottom of the 5th over - 0 run(s), 0 hit(s), 1 error(s), 1 left on base; Wake Forest 2 - Tennessee 3 |
TOP OF THE 6TH |
Wake Forest Demon Deacons batting - Pitching for Tennessee Volunteers : RHP Carl Brady
|
Batting: RHB Felipe Costa
|
0-0: Called Strike 0-1: Foul Ball, location: 2F 0-2: Ball 1-2: Ball 2-2: Strikes out swinging
|
Batting: LHB Gregory Pérez
|
0-0: Swinging Strike 0-1: Ball 1-1: Ground out 6-3 (Groundball, 6M)
|
Batting: RHB Héctor Solís
|
0-0: Ball 1-0: Called Strike 1-1: Called Strike 1-2: Ball 2-2: Strikes out swinging, 2-3 out at first.
|
Top of the 6th over - 0 run(s), 0 hit(s), 0 error(s), 0 left on base; Wake Forest 2 - Tennessee 3 |
BOTTOM OF THE 6TH |
Tennessee Volunteers batting - Pitching for Wake Forest Demon Deacons : RHP Lloyd Jones
|
Batting: RHB Chris Harper
|
0-0: Ball 1-0: Called Strike 1-1: Ground out 6-3 (Groundball, 56)
|
Pitching: RHP Steve Crowe
|
|
Batting: SHB Jared Calhoun
|
0-0: Called Strike 0-1: Swinging Strike 0-2: Ball 1-2: Ball 2-2: Strikes out swinging, 2-3 out at first.
|
Batting: RHB Gary Washington
|
0-0: Ball 1-0: Called Strike 1-1: Ball 2-1: Swinging Strike 2-2: Ball 3-2: Foul Ball, location: 2F 3-2: Foul Ball, location: 2F 3-2: Base on Balls
|
Batting: RHB Lorne McClain
|
0-0: Called Strike 0-1: Ball 1-1: Ball 2-1: Ball 3-1: Base on Balls Gary Washington to second
|
Batting: RHB Danny Scott
|
0-0: Ball 1-0: Ball 2-0: Foul Ball, location: 2F 2-1: Foul Ball, location: 2F 2-2: Fly out, F9 (Flyball, 9LS)
|
Bottom of the 6th over - 0 run(s), 0 hit(s), 0 error(s), 2 left on base; Wake Forest 2 - Tennessee 3 |
TOP OF THE 7TH |
Wake Forest Demon Deacons batting - Pitching for Tennessee Volunteers : RHP Carl Brady
|
Batting: RHB Tim Guerrero
|
0-0: Foul Ball, location: 2F 0-1: Ground out 5-3 (Groundball, 56S)
|
Batting: RHB Daniel Dillard
|
0-0: Ball 1-0: Ball 2-0: Ground out 6-3 (Groundball, 6M)
|
Batting: SHB José Salazar
|
0-0: Ground out 5-3 (Groundball, 56)
|
Top of the 7th over - 0 run(s), 0 hit(s), 0 error(s), 0 left on base; Wake Forest 2 - Tennessee 3 |
BOTTOM OF THE 7TH |
Tennessee Volunteers batting - Pitching for Wake Forest Demon Deacons : RHP Steve Crowe
|
Batting: RHB José Torres
|
0-0: SOLO HOME RUN (Flyball, 78XD), Distance : 383 ft
|
Batting: RHB César García
|
0-0: Ball 1-0: Ball 2-0: Foul Ball, location: 2F 2-1: Called Strike 2-2: Ball 3-2: SINGLE (Groundball, 5D)
|
Batting: RHB Ralph Fitzgerald
|
0-0: Ball Wild Pitch! César García to second 1-0: Called Strike 1-1: Ball 2-1: Fly out, F4 (Popup, 34D)
|
Batting: LHB Alfredo Cantú
|
0-0: Intentional Walk
|
Pinch Hitting: RHB Bruce Carr
|
0-0: Called Strike 0-1: Ball 1-1: Swinging Strike 1-2: Foul Ball, location: 2F 1-2: Reached on error, E7 (Flyball, 7) César García to third Alfredo Cantú to second
|
Batting: SHB Jared Calhoun
|
0-0: Foul Ball, location: 2F 0-1: Grounds into fielders choice 6-2 (Groundball, 6) Alfredo Cantú to third Bruce Carr to second
|
Batting: RHB Gary Washington
|
0-0: Called Strike 0-1: Ball 1-1: Ball 2-1: Ball 3-1: Base on Balls Alfredo Cantú scores Bruce Carr to third Jared Calhoun to second
|
Batting: RHB Lorne McClain
|
0-0: Called Strike 0-1: Ball 1-1: Foul Ball, location: 2F 1-2: Ball 2-2: Foul Ball, location: 2F 2-2: Strikes out swinging
|
Bottom of the 7th over - 2 run(s), 2 hit(s), 1 error(s), 3 left on base; Wake Forest 2 - Tennessee 5 |
TOP OF THE 8TH |
Wake Forest Demon Deacons batting - Pitching for Tennessee Volunteers : RHP Carl Brady
|
Now in CF: Tom McTier
|
|
Batting: LHB Dax Valdéz
|
0-0: Ground out U3 (Groundball, 34)
|
Batting: RHB William Allen
|
0-0: Foul Ball, location: 2F 0-1: Ball 1-1: DOUBLE (Flyball, 78D)
|
Pitching: RHP Daryl Sharp
|
|
Batting: RHB Jack Hogan
|
0-0: Called Strike 0-1: Foul Ball, location: 2F 0-2: Ball 1-2: Ball 2-2: Ball 3-2: Fly out, F9 (Flyball, 9S)
|
Batting: RHB Felipe Costa
|
0-0: Ball 1-0: Ball 2-0: Ball 3-0: Base on Balls
|
Pitching: LHP John Roe
|
|
Batting: LHB Gregory Pérez
|
0-0: Called Strike 0-1: Ball 1-1: Ball 2-1: Called Strike 2-2: Strikes out looking
|
Top of the 8th over - 0 run(s), 1 hit(s), 0 error(s), 2 left on base; Wake Forest 2 - Tennessee 5 |
BOTTOM OF THE 8TH |
Tennessee Volunteers batting - Pitching for Wake Forest Demon Deacons : RHP Steve Crowe
|
Pitching: RHP Ken Robinson
|
|
Batting: RHB Danny Scott
|
0-0: Called Strike 0-1: Fly out, F8 (Flyball, 8LM)
|
Batting: RHB José Torres
|
0-0: Called Strike 0-1: Foul Ball, location: 2F 0-2: Ball 1-2: Ball 2-2: Ball 3-2: Foul Ball, location: 2F 3-2: Foul Ball, location: 2F 3-2: Ground out U3 (Groundball, 34)
|
Batting: RHB César García
|
0-0: Ball 1-0: Ball 2-0: Called Strike 2-1: Called Strike 2-2: Foul Ball, location: 2F 2-2: Ball 3-2: Strikes out swinging
|
Bottom of the 8th over - 0 run(s), 0 hit(s), 0 error(s), 0 left on base; Wake Forest 2 - Tennessee 5 |
TOP OF THE 9TH |
Wake Forest Demon Deacons batting - Pitching for Tennessee Volunteers : LHP John Roe
|
Pitching: LHP Tony Féliz
|
|
Batting: RHB Héctor Solís
|
0-0: Foul Ball, location: 2F 0-1: Foul Ball, location: 2F 0-2: Ball 1-2: Ball 2-2: Foul Ball, location: 2F 2-2: Foul Ball, location: 2F 2-2: Ball 3-2: Foul Ball, location: 2F 3-2: Foul Ball, location: 2F 3-2: SINGLE (Line Drive, 78S)
|
Batting: RHB Tim Guerrero
|
0-0: Ball 1-0: Called Strike 1-1: Foul Ball, location: 2F 1-2: Ball 2-2: Ball 3-2: Strikes out looking
|
Batting: RHB Daniel Dillard
|
0-0: Foul Ball, location: 2F 0-1: Ball 1-1: Grounds into double play, 5-4-3 (Groundball, 56)
|
Top of the 9th over - 0 run(s), 1 hit(s), 0 error(s), 0 left on base; Wake Forest 2 - Tennessee 5 |
|